 Dungeon Crawl Stone Soup version 0.28.0 (webtiles) character file.

Game seed: 6599927755243559037

929 danielguo94 the Cudgeller (level 8, -3/48 HPs)
             Began as a Gargoyle Fighter on Feb 5, 2022.
             Slain by an ogre (24 damage)
             ... on level 4 of the Dungeon.
             The game lasted 00:05:22 (4749 turns).

danielguo94 the Cudgeller (Gargoyle Fighter)        Turns: 4749, Time: 00:05:22

Health: -3/48      AC: 14    Str: 22    XL:     8   Next: 11%
Magic:  8/8        EV: 10    Int:  9    God:
Gold:   123        SH:  4    Dex:  9    Spells: 7/7 levels left

rFire   . . .      SeeInvis .   a - +0 flail
rCold   . . .      Faith    .   c - +0 buckler
rNeg    + . .      Spirit   .   b - +0 scale mail
rPois   ∞          Reflect  .   (no helmet)
rElec   +          Harm     .   j - +0 cloak
rCorr   .          Rampage  .   (no gloves)
Will    .....                   (no boots)
Stlth   ..........              (no amulet)
HPRegen 0.16/turn               (no ring)
MPRegen 0.11/turn               (no ring)

@: no status effects
A: sickness immunity, AC +5, negative energy resistance 1, electricity
resistance, torment resistance 1, petrification resistance
a: no special abilities


You were on level 4 of the Dungeon.
You visited 1 branch of the dungeon, and saw 5 of its levels.

You collected 207 gold pieces.
You spent 84 gold pieces at shops.

Inventory:

Hand Weapons
 a - a +0 flail (weapon)
 g - a +1 hand axe of distortion
Missiles
 i - 154 stones (quivered)
 k - 9 poisoned darts
 q - a throwing net
Armour
 b - a +0 scale mail (worn)
 c - a +0 buckler (worn)
 j - a +0 cloak (worn)
Wands
 d - a wand of flame (2)
Scrolls
 f - a scroll of vulnerability {unknown}
 l - 3 scrolls of magic mapping {unknown}
 n - a scroll of fear {unknown}
 p - a scroll of blinking {unknown}
 r - a scroll of silence {unknown}
 s - a scroll of fog {unknown}
 v - a scroll of enchant armour {unknown}
 w - a scroll of immolation {unknown}
Potions
 h - a potion of degeneration {unknown}
 m - 2 potions of haste {unknown}
 o - a potion of flight {unknown}
 t - 2 potions of lignification
 u - a potion of resistance {unknown}
 x - a potion of magic {unknown}


   Skills:
 + Level 4.9 Fighting
 * Level 6.4 Maces & Flails
 + Level 5.0 Armour
 + Level 1.8 Dodging
 + Level 4.8 Shields
 + Level 0.9 Evocations


You had 7 spell levels left.
You didn't know any spells.
Your spell library contained the following spells:

 Spells                   Type           Power      Damage    Failure   Level
 Magic Dart               Conj           0%         1d3       78%         1
 Searing Ray              Conj           0%         2d4       89%         2
 Fulminant Prism          Conj/Hex       0%         3d6       100%        4


Dungeon Overview and Level Annotations

Branches:
Dungeon (5/15)
 Temple: D:4-7

Altars:
Okawaru

Shops:
D:1 [   D:2 [   D:3 !


Innate Abilities, Weirdness & Mutations

You are immune to sickness and miasma.
Your stone body is resilient. (AC +5)
You are immune to poison.
You resist negative energy. (rN+)
You are resistant to electric shocks. (rElec)
You are resistant to unholy torment.
You are immune to petrification.


Message History

There is a stone staircase leading up here.
You climb upwards.
Reactivating autopickup.
There is a stone staircase leading down here.
You start resting.
HP restored.
You start resting.
HP restored.
You climb downwards.
There is a stone staircase leading up here.
You hit the orc wizard but do no damage.
The orc wizard mumbles some strange words.
The orc wizard flickers and vanishes!
Deactivating autopickup; reactivate with Ctrl-A.
The orc priest invokes the aid of Beogh against you.
Beogh smites you! Something hits you but does no damage.
There is a stone staircase leading up here.
The ogre closely misses you. Something hits you.
You climb upwards.
Reactivating autopickup.
There is a stone staircase leading down here.
Deactivating autopickup; reactivate with Ctrl-A.
You closely miss something. Something hits you but does no damage.
The ogre closely misses you. You block something's attack.
You sock something! You block something's attack. The ogre barely misses you.
Something hits you but does no damage.
You hear some strange, mumbled words.
You are confused.
You're too confused to move!
The ogre hits you but does no damage. The ogre barely misses you.
You're too confused to move!
Something hits you but does no damage.
The ogre hits you with a +0 giant spiked club!
Something hits you but does no damage.
You bump into the rock wall.
Something hits you but does no damage.
You bump into the rock wall.
You feel less confused.
The ogre hits you with a +0 giant spiked club!!
Ouch! That really hurt!
You die...

#.........#.#....#...
##.[......#.#<.....#.
#..#..#....###.#####
##....#.............
#..#.#.######.)....
#....#.......######
#..#.#######.#
##.#'#######.#
#@..........#
#.O.........#
#...........#
#...........#
#..>........#
#....######## #....#
#....# ######


You could see an ogre.

Vanquished Creatures
  A water moccasin (D:5)
  4 ogres
  A scorpion (D:4)
  A wyvern zombie (D:5)
  A bullfrog skeleton (D:4)
  2 hounds
  An iguana (D:4)
  Jessica (D:2)
  Natasha (thrice) (D:2)
  8 adders
  A shadow imp (D:4)
  An ufetubus (D:4)
  An adder skeleton (D:4)
  5 orcs
  5 ball pythons
  3 bats
  8 endoplasms
  A giant cockroach (D:2)
  3 goblins
  5 hobgoblins
  3 quokkas
  A frilled lizard (D:1)
  9 kobolds
  2 rats (D:3)
71 creatures vanquished.

Notes
Turn   | Place    | Note
-------+----------+-------------------------------------------
     0 | D:1      | danielguo94 the Gargoyle Fighter began the quest for the
                  | Orb.
     0 | D:1      | Reached XP level 1. HP: 14/14 MP: 1/1
    81 | D:1      | Found a faded altar of an unknown god.
   304 | D:1      | Reached XP level 2. HP: 18/19 MP: 2/2
   381 | D:1      | Found Wubb's Armour Shoppe.
   746 | D:2      | Noticed Jessica
   755 | D:2      | Killed Jessica
   756 | D:2      | Reached XP level 3. HP: 22/24 MP: 3/3
   900 | D:2      | Found Qomo's Armour Boutique.
   999 | D:2      | Found an iron altar of Okawaru.
  1005 | D:2      | Reached XP level 4. HP: 28/29 MP: 4/4
  1103 | D:3      | Noticed Natasha
  1113 | D:2      | Killed Natasha
  1143 | D:2      | Found Qomo's Armour Boutique.
  1339 | D:2      | Noticed Natasha
  1350 | D:2      | Killed Natasha
  1351 | D:2      | Reached skill level 3 in Maces & Flails
  1351 | D:2      | Reached XP level 5. HP: 29/33 MP: 5/5
  1409 | D:2      | Noticed Natasha
  1422 | D:2      | Killed Natasha
  1432 | D:2      | Found an iron altar of Okawaru.
  1768 | D:3      | You fall into a shaft and drop 1 floor!
  1803 | D:4      | Noticed an ogre
  1830 | D:5      | Entered Level 5 of the Dungeon
  2038 | D:5      | Noticed an ogre
  2048 | D:5      | Killed an ogre
  2049 | D:5      | Reached skill level 4 in Maces & Flails
  2049 | D:5      | Reached skill level 1 in Dodging
  2049 | D:5      | Reached XP level 6. HP: 25/39 MP: 6/6
  2362 | D:5      | Noticed a water moccasin
  2375 | D:5      | Reached XP level 7. HP: 43/44 MP: 7/7
  2398 | D:5      | Reached skill level 5 in Maces & Flails
  3654 | D:3      | Found Henufoq's Distillery.
  3673 | D:3      | Bought a potion of lignification for 42 gold pieces
  3673 | D:3      | Bought a potion of lignification for 42 gold pieces
  4064 | D:4      | Reached skill level 6 in Maces & Flails
  4334 | D:4      | Reached XP level 8. HP: 34/48 MP: 8/8
  4393 | D:4      | Reached skill level 5 in Armour
  4749 | D:4      | Slain by an ogre

Illustrated notes

Levels and vault maps discovered:
D:1:      wander_arrival_peaceful_grave, layout_loops_ring,
          shapermc_ecumenical_altar_mp_urbaneastern, serial_shops,
          nicolae_shop_advertising_works [nicolae_subvault_shop_adworks]
D:2:      layout_basic, basic_altar, serial_shops, nicolae_shop_crystal,
          uniq_jessica
D:3:      layout_basic, serial_shops, nicolae_diamond_shop, serial_corexii_hall,
          corexii_hall_statues_x, corexii_hall_statues_x,
          chequers_hall_statues_wall_a, chequers_hall_statues_y, fountainhead,
          minmay_hedge_maze, amethyst_killhole, minmay_quantized, uniq_natasha
D:4:      layout_basic
D:5:      layout_rooms, st_stairs_10, hangedman_minor_gate_pass,
          uniq_prince_ribbit1

Skill      XL: |  1  2  3  4  5  6  7  8 |
---------------+-------------------------+-----
Shields        | 4 |  4.8
Fighting       | 4 |  4.9
Maces & Flails | 3 4 6 |  6.4
Armour         | 4 5 |  5.0
Dodging        | 1 |  1.8
Evocations     | |  0.9

Action                   |  1- 3 |  4- 6 |  7- 9 || total
-------------------------+-------+-------+-------++-------
Melee: Flail             |    54 |   100 |   158 ||   312
Throw: Stone             |       |     1 |       ||     1
Evoke: Wand              |       |     7 |       ||     7
  Use: Scroll            |     2 |       |       ||     2
       Potion            |       |     1 |     2 ||     3
Armor: Scale mail        |    28 |    78 |   100 ||   206
Dodge: Dodged            |    21 |    59 |    70 ||   150
Block: Buckler           |     5 |    36 |    45 ||    86
